AoeStats
← Kenpachi

Lombardia

510213283Analyzed
2v2 RM · 4d ago on Sep 30, 2026· 65m 54s· 4 players
Game mode
Random Map
Map size
Medium (4 player)
Population
200
Speed
Normal
Resources
Standard
Victory
Conquest
Starting age
Dark Age
Ending age
Imperial Age
RankedLock teamsTeams togetherTeam positionsShared explorationLock speedFull tech treeHidden civsTurbo modeCheats
Victory
Defeat
🇵🇪 Romans · Peru
726
+14
🇵🇪 Vikings · Peru
715
+15
🇮🇹 Bulgarians · Italy
694
-15
🇮🇹 Poles · Italy
690
-14
Bufalo
0:57 Loom
11:05 Feudal Age
11:41 Double-Bit Axe
11:39 Horse Collar
11:34 Man-at-Arms
22:53 Castle Age
23:25 Forging
23:05 Fletching
22:57 Elite Skirmisher
23:55 Squires
24:51 Bow Saw
24:49 Heavy Plow
24:56 Gold Mining
24:57 Stone Mining
27:50 Town Watch
28:41 Wheelbarrow
29:16 Caravan
32:16 Hand Cart
36:20 Imperial Age
34:44 Thumb Ring
36:52 Iron Casting
36:12 Bodkin Arrow
35:48 Pikeman
38:27 Crop Rotation
37:26 Elite Obuch
40:08 Chemistry
40:57 Lechitic Legacy
40:58 Conscription
40:05 Light Cavalry
40:45 Husbandry
40:31 Crossbowman
41:36 Murder Holes
41:52 Masonry
41:55 Bracer
41:57 Scale Mail Armor
41:58 Padded Archer Armor
45:30 Scale Barding Armor
58:39 Arbalester
59:59 Leather Archer Armor
60:44 Blast Furnace
60:00 Chain Mail Armor
61:47 Bombard Tower
61:48 Ballistics
Kenpachi
0:29 Loom
10:24 Feudal Age
10:50 Double-Bit Axe
10:54 Horse Collar
13:00 Gold Mining
19:12 Castle Age
20:04 Bow Saw
19:55 Heavy Plow
21:17 Forging
22:13 Iron Casting
21:43 Scale Mail Armor
24:14 Town Watch
25:00 Pikeman
27:37 Wheelbarrow
28:13 Town Patrol
28:30 Stone Mining
32:05 Chain Mail Armor
33:53 Gold Shaft Mining
33:13 Fletching
37:05 Imperial Age
36:46 Caravan
37:26 Stone Shaft Mining
36:49 Bodkin Arrow
37:04 Husbandry
37:20 Scale Barding Armor
37:19 Murder Holes
38:40 Conscription
39:29 Parthian Tactics
39:13 Heavy Cavalry Archer
40:30 Padded Archer Armor
40:55 Ballistics
43:15 Thumb Ring
44:05 Onager
46:02 Siege Onager
47:46 Masonry
47:42 Bracer
49:35 Stirrups
50:25 Squires
53:50 Hand Cart
59:02 Plate Mail Armor
64:25 Light Cavalry
67:05 Blast Furnace
TIMVP
4:49 Loom
12:20 Feudal Age
12:50 Double-Bit Axe
15:54 Gold Mining
19:43 Castle Age
17:36 Horse Collar
20:54 Heavy Plow
22:35 Bow Saw
25:23 Stone Mining
29:29 Gold Shaft Mining
32:56 Imperial Age
32:50 Wheelbarrow
32:33 Man-at-Arms
34:12 Conscription
33:50 Long Swordsman
35:24 Hand Cart
35:57 Heavy Scorpion
39:20 Ballistics
39:08 Siege Engineers
43:45 Chemistry
42:47 Pikeman
46:25 Husbandry
46:36 Bloodlines
46:46 Legionary
47:46 Light Cavalry
48:56 Ballistas
59:28 Scale Mail Armor
59:34 Scale Barding Armor
A†ilA
10:23 Loom
12:20 Feudal Age
14:07 Double-Bit Axe
21:42 Castle Age
20:59 Horse Collar
25:09 Squires
24:54 Arson
25:27 Forging
25:18 Scale Mail Armor
25:25 Chieftains
25:34 Chieftains
30:27 Heavy Plow
33:51 Chain Mail Armor
37:38 Iron Casting
40:30 Imperial Age
39:40 Town Watch
43:21 Conscription
42:22 Elite Berserk
44:49 Masonry
45:36 Onager
47:34 Caravan
47:34 Capped Ram
50:20 Siege Ram
64:15 Chemistry
63:36 Ballistics
Connection lost

Rejoining the realm…

Still unreachable

The connection could not be restored.

Session expired

The server has moved on; the page needs a fresh start.